 Dungeon Crawl Stone Soup version 0.19.0-2-gae57169 (webtiles) character file.

608 Krapule the Sneak (level 7, -9/47 HPs)
             Began as an Octopode Assassin on Nov 6, 2016.
             Mangled by a gnoll
             ... wielding a +0 halberd
              (15 damage)
             ... while paralysed by Grinder
             ... on level 5 of the Dungeon.
             The game lasted 00:12:27 (2633 turns).

Krapule the Sneak (Octopode Assassin)               Turns: 2633, Time: 00:12:27

Health: -9/47      AC:  1    Str: 10    XL:     7   Next: 43%
Magic:  7/7        EV:  2    Int: 14    God:
Gold:   248        SH:  0    Dex: 15    Spells: 0 memorised, 6 levels left

rFire  . . .     SeeInvis .     w - +4 short sword (protect)
rCold  . . .     Gourm    .     (no shield)
rNeg   . . .     Faith    .     (helmet restricted)
rPois  .         Spirit   .     (no amulet)
rElec  .         Reflect  .     (no ring)
rCorr  .         Harm     .     (no ring)
MR     .....                    (no ring)
Stlth  +++++.....               (no ring)
                                (no ring)
                                (no ring)
                                (no ring)
                                (no ring)

@: paralysed
A: almost no armour, stealthy swim, amphibious, 8 rings, constrict 8, camouflage
1, gelatinous body 1
a: no special abilities


You were on level 5 of the Dungeon.
You were not hungry.

You visited 1 branch of the dungeon, and saw 5 of its levels.

You collected 248 gold pieces.

Inventory:

Hand Weapons
 a - a +2 dagger
 b - a +0 blowgun
 w - a +4 short sword of protection (weapon)
 D - a +0 dagger of draining
Missiles
 c - 8 poisoned needles
 d - 2 curare-tipped needles
Jewellery
 g - an uncursed ring of fire
 s - an uncursed amulet of faith
 x - an uncursed amulet of harm
Wands
 J - a wand of slowing (16/48)
Scrolls
 i - a scroll of blinking {unknown}
 l - 3 scrolls of remove curse
 m - 2 scrolls of immolation {unknown}
 n - 4 scrolls of teleportation {unknown}
 o - a scroll of fog {unknown}
 p - a scroll of fear {unknown}
 u - 3 scrolls of enchant weapon {unknown}
 y - 2 scrolls of identify
 I - a scroll of amnesia {unknown}
 K - a scroll of enchant armour {unknown}
Potions
 e - 2 potions of agility
 h - a potion of curing
 k - a potion of berserk rage
 q - 2 potions of might {unknown}
 r - a potion of resistance {unknown}
 v - 2 potions of haste {unknown}
 A - 2 potions of brilliance {unknown}
 B - a potion of cure mutation {unknown}
 C - a potion of invisibility {unknown}
 E - a potion of mutation {unknown}
 F - 2 potions of ambrosia {unknown}
 G - a potion of lignification {unknown}
 H - a potion of heal wounds {unknown}
Comestibles
 f - 3 bread rations
 j - a meat ration
 t - a beef jerky


   Skills:
 + Level 3.9 Fighting
 + Level 4.3 Short Blades
 - Level 2.0 Throwing
 + Level 4.0 Dodging
 + Level 7.8 Stealth


You had 6 spell levels left.
You didn't know any spells.

Dungeon Overview and Level Annotations

Branches:
Dungeon (5/15)
 Temple: D:4-7

Altars:
Ashenzari

Annotations:
D:3 eeldvark's ghost, amateur DsGl
D:5 Edmund; Grinder


Innate Abilities, Weirdness & Mutations

You cannot wear most types of armour.
You are very stealthy in the water. (Stealth+)
You are amphibious.
You can wear up to eight rings at the same time.
You can use your tentacles to constrict eight enemies at once.
Your skin changes colour to match your surroundings (Stealth+).
Your rubbery body absorbs attacks. (AC +1, EV +1)


Message History

You kill the orc!
Grinder blinks!
Items here: ) [ †† a leather armour; a dagger; an orc corpse x2
The gnoll closely misses you.
Grinder blinks!
Things that are here:
a dagger; a robe; an orc corpse
Things that are here:
a dagger; a robe; an orc corpse Grinder says, "What is the universe for?"
Things that are here:
a club; a tomahawk; a leopard gecko corpse Grinder hits you.
Grinder gestures at you.
You suddenly lose the ability to move!
Edmund says, "What use are spells, anyway?"
Edmund hits you with a flail of crushing!
* * * LOW HITPOINT WARNING * * *
x2 The gnoll hits you from afar with a halberd!
You die...

###### #g[).# .
##g##g# ...
#..##g###.....
#..(ga5.......
#..##@########
######.##@#
.......<#.#####
.#+#.(........#
#.###......#
... #......#
...♣♣ .........
♣♣♣ .♣♣♣####♣♣#
. .


You could see Edmund, Grinder, a worker ant and 3 gnolls.

Vanquished Creatures
  Prince Ribbit (D:5)
  An ogre (D:4)
  3 hounds
  A bullfrog zombie (D:5)
  2 orc wizards (D:5)
  A gnoll (D:5)
  7 adders
  2 oozes
  An adder skeleton (D:4)
  3 worms
  5 leopard geckos
  4 orcs
  3 ball pythons
  2 giant cockroaches
  7 goblins
  3 hobgoblins
  7 jackals
  9 kobolds
  2 quokkas
  4 bats
  3 frilled lizards
  A quokka skeleton (D:4)
  6 rats
78 creatures vanquished.

Notes
Turn   | Place    | Note
-------+----------+-------------------------------------------
     0 | D:1      | Krapule the Octopode Assassin began the quest for the Orb.
     0 | D:1      | Reached XP level 1. HP: 14/14 MP: 1/1
   454 | D:1      | Reached XP level 2. HP: 13/19 MP: 2/2
   781 | D:2      | Reached XP level 3. HP: 24/24 MP: 3/3
  1270 | D:2      | Reached XP level 4. HP: 30/30 MP: 4/4
  1702 | D:3      | Reached skill level 6 in Stealth
  1709 | D:3      | Noticed eeldvark's ghost (amateur DsGl)
  2025 | D:3      | Reached XP level 5. HP: 36/36 MP: 5/5
  2226 | D:4      | Found a shattered altar of Ashenzari.
  2489 | D:4      | Noticed an ogre
  2491 | D:4      | Killed an ogre
  2491 | D:4      | Reached XP level 6. HP: 42/42 MP: 6/6
  2569 | D:5      | Entered Level 5 of the Dungeon
  2575 | D:5      | Noticed Prince Ribbit
  2582 | D:5      | Killed Prince Ribbit
  2582 | D:5      | Reached skill level 7 in Stealth
  2582 | D:5      | Reached XP level 7. HP: 37/47 MP: 7/7
  2606 | D:5      | Noticed Edmund
  2607 | D:5      | Noticed Grinder
  2631 | D:5      | Paralysed by Grinder for 3 turns
  2633 | D:5      | Mangled by a gnoll

Skill      XL: |  1  2  3  4  5  6  7 |
---------------+----------------------+-----
Dodging        | 2 3 4 |  4.0
Stealth        | 6 7 |  7.8
Short Blades   | 3 4 |  4.3
Fighting       | 3 |  3.9
Throwing       | |  2.0

Action                   |  1- 3 |  4- 6 |  7- 9 || total
-------------------------+-------+-------+-------++-------
Melee: Dagger            |    68 |    20 |       ||    88
       Constrict         |    16 |    13 |     8 ||    37
       Tentacles         |    13 |     7 |     5 ||    25
       Short sword       |       |    44 |    31 ||    75
Evoke: Wand              |       |     2 |       ||     2
  Use: Scroll            |       |     5 |       ||     5
 Stab: Sleeping          |     7 |    13 |       ||    20
  Eat: Chunk             |     1 |     4 |       ||     5
Armor: Skin              |     2 |     6 |     7 ||    15
Dodge: Dodged            |    40 |    29 |    34 ||   103
